 Dungeon Crawl Stone Soup version 0.30-b1-5-g8e6c1be481 (webtiles) character file.

Game seed: 10366097770098772955

623 infinitevox the Firebug (level 7, -4/51 HPs)
             Began as a Demonspawn Fire Elementalist on May 3, 2023.
             Was an Initiate of Qazlal.
             Slain by an orc priest
             ... wielding a +0 flail
              (6 damage)
             ... on level 4 of the Dungeon on May 4, 2023.
             The game lasted 00:22:48 (4655 turns).

infinitevox the Firebug (DsFE)                      Turns: 4655, Time: 00:22:50

Health: -4/51      AC:  6    Str:  8    XL:     7   Next: 22%
Magic:  10/10      EV: 11    Int: 19    God:    Qazlal [......]
Gold:   76         SH:  0    Dex: 13    Spells: 9/10 levels left

rFire   + . .        h - staff of fire
rCold   . . .        (no shield)
rNeg    . . .        x - +0 ring mail
rPois   .            e - +1 hat
rElec   .            (no cloak)
rCorr   .            (no gloves)
SInv    .            (no boots)
Will    +....        (no amulet) Stlth
                     t - ring of willpower
HPRegen 0.28/turn    (no ring)
MPRegen 0.12/turn

%: no passive effects
@: confused, about to teleport, ambrosia-drunk
A: spiny 2, weakness stinger 1
a: Renounce Religion


You were on level 4 of the Dungeon.
You worshipped Qazlal.
Qazlal was noncommittal.
You visited 2 branches of the dungeon, and saw 5 of its levels.

You collected 166 gold pieces.
You spent 90 gold pieces at shops.

Inventory:

Hand Weapons
 p - a +0 long sword
 r - a +2 dagger of speed
 A - a +0 rapier
Armour
 e - a +1 hat (worn)
 k - the +4 chain mail of Oblivion {+Blink Str+3}
   (You took it off an orc warrior on level 3 of the Dungeon)

   Str:       It affects your strength (+3).
   +Blink:    It lets you blink.
 x - a +0 ring mail (worn)
Magical Staves
 h - a staff of fire (weapon)
 i - a staff of air
Jewellery
 t - a ring of willpower (left hand)
Wands
 o - a wand of flame (33)
Scrolls
 f - a scroll of blinking
 g - a scroll of teleportation
 l - a scroll of summoning {unknown}
 n - a scroll of enchant armour
 v - a scroll of immolation {unknown}
 y - a scroll of fear {unknown}
Potions
 c - 2 potions of haste
 d - 2 potions of might
 j - a potion of attraction
 z - a potion of magic


   Skills:
 + Level 2.5 Fighting
 + Level 4.1 Dodging
 - Level 2.0 Stealth
 - Level 2.0 Spellcasting
 - Level 1.0 Conjurations
 - Level 6.0 Fire Magic


You had 9 spell levels left.
You knew the following spells:

 Your Spells              Type           Power      Damage    Failure   Level
a - Foxfire               Conj/Fire      92%        2x1d8     12%         1

Your spell library contained the following spells:

 Spells                   Type           Power      Damage    Failure   Level
 Scorch                   Fire           74%        2d8       7%          2
 Inner Flame              Hex/Fire       20%        N/A       41%         3
 Volatile Blastmotes      Fire/Tloc      40%        2d13      41%         3
 Ensorcelled Hibernation  Hex/Ice        2%         N/A       61%         2
 Passwall                 Tmut/Erth      0%         N/A       61%         2
 Poisonous Vapours        Pois/Air       2%         N/A       61%         2
 Flame Wave               Conj/Fire      23%        2d8       77%         4
 Mephitic Cloud           Conj/Pois/Air  3%         N/A       80%         3
 Swiftness                Air            1%         N/A       83%         3
 Freezing Cloud           Conj/Ice/Air   1%         6-21      100%        5
 Malign Gateway           Summ/Tloc      0%         N/A       100%        7
 Summon Horrible Things   Summ           0%         N/A       100%        8


Dungeon Overview and Level Annotations

Branches:
Dungeon (4/15)             Temple (1/1) D:4

Altars:
Dithmenos
Fedhas
Kikubaaqudgha
Qazlal
Ru
Trog
Uskayaw
Vehumet
Wu Jian
Yredelemnul

Annotations:
D:4 safid's ghost, amateur MfIE


Innate Abilities, Weirdness & Mutations

You are mostly covered in sharp spines.
You have a small tail.


Message History

You feel magically purged.
You float gracefully downwards.
The orc priest looks braver for a moment.
The orc priest attacks as you move away!
The orc priest hits you but does no damage.
The orc priest calls upon Beogh to heal the orc.
The orc's wounds heal themselves!
Safid's ghost attacks as you move away! Safid's ghost barely misses you.
The orc shoots a bolt.
The bolt closely misses you.
Casting: Foxfire (safe; 12% risk of failure)
Confirm with . or Enter, or press ? or * to list all spells.
You feel a surge of power!
You conjure some foxfire!
Safid's ghost freezes you.
You are frozen!
The orc shoots a bolt.
The bolt closely misses you.
Your foxfire dissipates!
Safid's ghost attacks as you move away! Safid's ghost hits you!
The foxfire hits the orc priest but does no damage.
The orc priest is severely wounded.
The orc shoots a bolt.
The bolt hits you.
* * * LOW HITPOINT WARNING * * *
As you read the scroll of fog, it crumbles to dust.
The scroll dissolves into smoke.
Safid's ghost freezes you.
You are frozen!
* * * LOW HITPOINT WARNING * * *
You feel much better. Safid's ghost closely misses you.
The orc priest closely misses you. The orc barely misses you.
Okay, then.
As you read the scroll of teleportation, it crumbles to dust.
You feel strangely unstable. Safid's ghost hits you!
* * * LOW HITPOINT WARNING * * *
The orc priest hits you with a +0 flail!
* * * LOW HITPOINT WARNING * * *
The orc hits you but does no damage.
You are confused.
You feel invigorated. Safid's ghost freezes you.
You are frozen!
* * * LOW HITPOINT WARNING * * *
The orc priest hits you with a +0 flail.
You die...

....o....###<# #.##....##.
#......###.#.##########.##§.§§...
.....)o...#..o..............§§§§.
##....o)o###............##§.§§§§.
##...#....#o..####)####....§§§§§.
.....####o.#### #.# ####.§§§§§.
.....# #..# ###§##### #.......
.....# #..# #oo§....###..§....
.....# #..# #@W§....#.........
.....####..# ###§§§.)..#.....)...
.........>.# #.§§§o..)...........
##########.###.###.§......[.....#
#.^...# #.......)...<>##
#####.###...............
#.....##o.....#.####
####............# #####
#...#...#....#


You could see an orc priest, safid's ghost and 2 orcs.

Vanquished Creatures
  A water moccasin (D:4)
  An orc warrior (D:3)
  A scorpion (D:4)
  A hound (D:4)
  2 orc priests (D:3)
  Natasha (thrice) (D:4)
  4 gnolls
  7 adders
  3 worms
  7 dart slugs
  11 orcs
  2 endoplasms
  5 giant cockroaches
  7 goblins
  4 hobgoblins
  4 jackals (D:4)
  2 kobolds
  4 quokkas
  3 ball pythons
  2 bats
  5 frilled lizards
  5 rats
84 creatures vanquished.

Vanquished Creatures (others)
  210 foxfires
210 creatures vanquished.

Grand Total: 294 creatures vanquished

Notes
Turn   | Place    | Note
-------+----------+-------------------------------------------
     0 | D:1      | infinitevox the Demonspawn Fire Elementalist began the
                  | quest for the Orb.
     0 | D:1      | Reached XP level 1. HP: 13/13 MP: 3/3
   296 | D:1      | Reached skill level 3 in Fire Magic
   456 | D:1      | Gained mutation: You have a small tail. [demonic ancestry]
   456 | D:1      | Reached XP level 2. HP: 17/19 MP: 1/5
  1249 | D:2      | Gained mutation: You are partially covered in sharp spines.
                  | [demonic ancestry]
  1249 | D:2      | Reached XP level 3. HP: 24/24 MP: 3/6
  1302 | D:2      | Reached skill level 4 in Fire Magic
  1570 | D:2      | Found an ornate altar of the Wu Jian Council.
  1894 | D:3      | Gained mutation: You are mostly covered in sharp spines.
                  | [demonic ancestry]
  1894 | D:3      | Reached XP level 4. HP: 9/30 MP: 7/7
  1902 | D:3      | Reached skill level 5 in Fire Magic
  2272 | D:3      | Reached XP level 5. HP: 35/35 MP: 5/8
  2515 | D:3      | Found a stormy altar of Qazlal.
  2536 | D:3      | Found a hide-covered altar of Uskayaw.
  3092 | D:4      | Found a staircase to the Ecumenical Temple.
  3100 | Temple   | Entered the Ecumenical Temple
  3248 | D:3      | Became a worshipper of Qazlal Stormbringer
  3271 | D:4      | Found Zin's Purification Station.
  3281 | D:4      | Bought a potion of curing for 90 gold pieces
  3590 | D:4      | Reached skill level 6 in Fire Magic
  3590 | D:4      | Reached XP level 6. HP: 41/41 MP: 6/9
  3639 | D:4      | Noticed a water moccasin
  3652 | D:4      | Killed a water moccasin
  3653 | D:4      | Reached skill level 1 in Fighting
  3978 | D:4      | Found a runed translucent gate.
  3978 | D:4      | Found a runed translucent gate.
  3982 | D:4      | Found a runed translucent gate.
  3982 | D:4      | Noticed safid's ghost (amateur MfIE)
  3985 | D:4      | Identified the +4 chain mail of Oblivion {+Blink Str+3}
  3985 | D:4      | Noticed an orc warrior
  4021 | D:4      | Noticed Natasha
  4024 | D:4      | Killed Natasha
  4166 | D:4      | Noticed Natasha
  4171 | D:4      | Killed Natasha
  4190 | D:4      | Noticed Natasha
  4197 | D:4      | Killed Natasha
  4198 | D:4      | Reached XP level 7. HP: 36/50 MP: 7/10
  4655 | D:4      | HP: 2/51 [frozen (7)]
  4655 | D:4      | Slain by an orc priest

Illustrated notes

Levels and vault maps discovered:
D:1:      noname_arrival_rooms_in_the_neighbourhood, layout_loops_ring
D:2:      layout_loops_ring, basic_altar, minmay_pentomino_u4
D:3:      layout_basic, grunt_temple_overflow_open
D:4:      kennysheep_six_static_rooms, layout_loops_ring, zin_purify,
          minmay_temple_entry_junction_2, biasface_ghost_orc_armoury,
          chequers_serial_rivers_small_3, uniq_natasha
Temple:   compressed_dpeg_circular_temple

Skill      XL: |  1  2  3  4  5  6  7 |
---------------+----------------------+-----
Fire Magic     | 3 4 5 6 |  6.0
Stealth        | 2 |  2.0
Dodging        | 2 3 4 |  4.1
Fighting       | 2 |  2.5
Spellcasting   | |  2.0
Conjurations   | |  1.0

Action                     |  1- 3 |  4- 6 |  7- 9 || total
---------------------------+-------+-------+-------++-------
  Melee: Short sword       |    29 |       |       ||    29
         Tailslap          |     2 |     1 |       ||     3
         Dagger            |     7 |    42 |       ||    49
         Staff             |       |     5 |     4 ||     9
   Cast: Foxfire           |    56 |    61 |    12 ||   129
  Evoke: Wand              |       |     2 |       ||     2
    Use: Potion            |     3 |     1 |     8 ||    12
         Scroll            |       |       |    11 ||    11
   Stab: Sleeping          |       |     1 |       ||     1
 Armour: Leather armour    |     6 |     2 |       ||     8
         Robe              |     1 |       |       ||     1
         Ring mail         |       |     9 |     3 ||    12
  Dodge: Dodged            |    30 |    22 |     9 ||    61
